 Dungeon Crawl Stone Soup version 0.30-a0-321-gf7783e6616 (webtiles) character file.

Game seed: 617461784634886501

15320 MrRokkomies the Fighter (level 12, 0/115 HPs)
             Began as an Armataur Gladiator on Oct 27, 2022.
             Was an Elder of Cheibriados.
             Slain by a two-headed ogre
             ... wielding a +0 giant club
              (1 damage)
             ... on level 12 of the Dungeon.
             The game lasted 00:24:11 (11856 turns).

MrRokkomies the Fighter (Armataur Gladiator)       Turns: 11856, Time: 00:24:12

Health: 0/115      AC: 17    Str: 32    XL:     12   Next: 0%
Magic:  9/16       EV: 13    Int: 18    God:    Cheibriados [****..]
Gold:   621        SH:  0    Dex: 22    Spells: 11/11 levels left

rFire   + . .      SeeInvis +    a - +4 flail (vamp)
rCold   . . .      Faith    +    (no shield)
rNeg    . . .      Spirit   .    I - +0 plate armour
rPois   .          Reflect  .    c - +1 helmet
rElec   .          Harm     .    n - +1 cloak
rCorr   .          Roll     +    (no gloves)
Will    +....                    (no barding)
Stlth   ..........               Q - amulet of faith
HPRegen 0.39/turn                k - ring of Tipionuch {rF+ Will+ EV+4}
MPRegen 0.15/turn                f - ring of see invisible

@: very slow
A: large, rugged brown scales 3, deformed body, armoured tail, roll, long
tongue, awkward tongue
a: Renounce Religion, Bend Time, Temporal Distortion, Slouch


You were on level 12 of the Dungeon.
You worshipped Cheibriados.
Cheibriados was greatly pleased with you.
You visited 2 branches of the dungeon, and saw 13 of its levels.
You also visited: Ossuary.

You collected 621 gold pieces.

Inventory:

Hand Weapons
 a - a +4 vampiric flail (weapon)
 r - a +2 dire flail of draining
 s - a +0 quarterstaff
 t - a +2 whip of electrocution
 L - a +1 great mace
 R - a -1 demon whip of venom
Missiles
 d - 5 throwing nets (quivered)
 e - 4 javelins
 p - 6 curare-tipped darts
 C - 10 boomerangs
 J - 10 poisoned darts
Armour
 c - a +1 helmet (worn)
 n - a +1 cloak (worn)
 B - a +0 ring mail of poison resistance
 I - a +0 plate armour (worn)
Jewellery
 f - a ring of see invisible (right hand)
 k - the ring of Tipionuch (left hand) {rF+ Will+ EV+4}
   (You found it on level 2 of the Dungeon)

   [ring of evasion]

   EV:        It affects your evasion (+4).
   rF:        It protects you from fire.
   Will:      It increases your willpower.
 v - a +6 ring of strength
 G - a +4 ring of protection
 P - a ring of ice
 Q - an amulet of faith (around neck)
 U - a +6 ring of intelligence
Wands
 F - a wand of mindburst (10)
 O - a wand of acid (1)
 T - a wand of flame (21)
Scrolls
 b - a scroll of fear
 g - 2 scrolls of poison
 h - 8 scrolls of teleportation
 j - a scroll of butterflies
 u - 2 scrolls of immolation
 x - 5 scrolls of enchant armour
 y - 2 scrolls of brand weapon
 D - a scroll of blinking
 H - 3 scrolls of magic mapping
 M - a scroll of torment
 V - a scroll of identify
Potions
 l - a potion of haste {unknown}
 m - 3 potions of curing
 o - 3 potions of brilliance
 q - 5 potions of mutation
 w - 2 potions of invisibility
 z - 2 potions of cancellation
 A - 3 potions of lignification
 E - a potion of flight {unknown}
 K - a potion of ambrosia {unknown}
 N - 2 potions of might
 S - a potion of resistance {unknown}


   Skills:
 * Level 10.6 Fighting
 * Level 10.3(10.6) Maces & Flails
 - Level 3.4(7.4) Staves
 - Level 1.7 Throwing
 + Level 9.5 Armour
 - Level 4.8 Dodging
 + Level 5.3 Invocations


You had 11 spell levels left.
You didn't know any spells.
Your spell library contained the following spells:

 Spells                   Type           Power      Damage    Failure   Level
 Beastly Appendage        Tmut           0%         N/A       82%         1
 Magic Dart               Conj           0%         1d3       82%         1
 Sting                    Tmut/Pois      0%         1d3       82%         1
 Blink                    Tloc           0%         N/A       91%         2
 Call Imp                 Summ           0%         N/A       91%         2
 Momentum Strike          Conj/Tloc      0%         3d8       91%         2
 Poisonous Vapours        Pois/Air       0%         N/A       91%         2
 Searing Ray              Conj           0%         2d4       91%         2
 Sublimation of Blood     Necr           0%         N/A       91%         2
 Wereblood                Tmut           0%         N/A       91%         2
 Frozen Ramparts          Ice            0%         1d1       99%         3
 Hailstorm                Conj/Ice       0%         3d3       99%         3
 Lesser Beckoning         Tloc           0%         N/A       99%         3
 Mephitic Cloud           Conj/Pois/Air  0%         N/A       99%         3
 Spider Form              Tmut/Pois      0%         N/A       99%         3
 Fulminant Prism          Conj/Hex       0%         3d6       100%        4
 Ice Form                 Ice/Tmut       0%         N/A       100%        4
 Olgreb's Toxic Radiance  Pois           0%         N/A       100%        4
 Summon Ice Beast         Ice/Summ       0%         N/A       100%        4
 Simulacrum               Ice/Necr       0%         N/A       100%        6
 Summon Hydra             Summ           0%         N/A       100%        7


Dungeon Overview and Level Annotations

Branches:
Dungeon (12/15)            Temple (1/1) D:6            Lair (0/5) D:8
    Orc (0/2) D:12        Ossuary (visited)

Altars:
Ashenzari
Cheibriados
Dithmenos
Elyvilon
Fedhas
Gozag
Hepliaklqana
Kikubaaqudgha
Makhleb
Nemelex Xobeh
Okawaru
Qazlal
Ru
Sif Muna
Trog
Uskayaw
Vehumet
Wu Jian
Xom
Yredelemnul
Zin
The Shining One

Shops:
D:4 **   D:11 *


Innate Abilities, Weirdness & Mutations

You are completely covered in rugged brown scales. (AC +3, +7% HP)
Armour fits poorly on your strangely shaped body.
You have a long armoured tail.
You roll when moving toward enemies. (Rampage)
Your long tongue fully drains potion bottles. (2x potion effects)
Your tongue gives you trouble enunciating. (1.5x scroll delay)


Message History

The orc's wounds heal themselves!
The orc hits you but does no damage.
Unknown command.
Activating: Slouch (19% risk of failure)
Press: ? - help, Dir - look around, f - activate You can feel time thicken for a moment.
You kill the orc!
Cheibriados appreciates the change of pace.
You kill the orc!
Cheibriados appreciates the change of pace.
You kill the unseen horror!
Cheibriados thoroughly appreciates the change of pace.
Cheibriados raises the support of your attributes as your movement slows.
You kill the orc priest!
Cheibriados appreciates the change of pace.
You kill the orc priest!
Cheibriados thoroughly appreciates the change of pace.
Cheibriados lowers the support of your attributes as your movement quickens.
The two-headed ogre hits you with a +0 giant club!
The two-headed ogre barely misses you.
You have reached level 12!
You feel clever.
You completely miss the two-headed ogre.
The two-headed ogre is moderately wounded.
The warg bites you!
You bludgeon the two-headed ogre!! You tail-slap the two-headed ogre!
The two-headed ogre is severely wounded.
The two-headed ogre hits you with a +0 giant club!
The two-headed ogre barely misses you. The warg barely misses you.
You hit the two-headed ogre.
The two-headed ogre is almost dead.
The warg barely misses you.
You hit the two-headed ogre.
You tail-slap the two-headed ogre, but do no damage.
The two-headed ogre is almost dead.
The warg bites you!
* * * LOW HITPOINT WARNING * * *
The two-headed ogre hits you with a +0 giant club!!
* * * LOW HITPOINT WARNING * * *
The two-headed ogre hits you with a +0 giant club.
You die...

...
..............).......
...........!)..######.
. #.........))..#
..##....##.......#
........##.......#
..........)........#
............##...#.#
......h.....##.......
....)..@)........#####
......O..........#
.>......[....##..#
...........^.# .
...............
###....)).......
...)..........
..............


You could see a two-headed ogre and a warg.

Vanquished Creatures
  Harold (D:9)
  A boulder beetle (D:12)
  2 two-headed ogres (D:9)
  Nergalle (D:10)
  Amaemon (D:8)
  2 manticores (D:12)
  A gargoyle (D:12)
  An orange demon (D:8)
  3 unseen horrors
  2 kobold demonologists
  Psyche (D:8)
  A komodo dragon (D:11)
  2 trolls
  Grinder (D:4)
  A hornet (D:8)
  A shadow (D:11)
  11 yaks
  A wyvern (D:8)
  4 wraiths
  A vampire (D:10)
  3 steam dragons
  2 vampire mosquitoes (D:11)
  Edmund (D:4)
  A warg (D:12)
  An acid dragon (D:11)
  2 orc warriors
  2 black bears
  An ogre (D:5)
  5 centaurs
  5 phantoms
  A kobold brigand (D:8)
  2 gnoll sergeants (D:10)
  5 bullfrogs
  A scorpion (D:4)
  2 necrophages (D:5)
  7 wights
  6 killer bees (D:9)
  3 howler monkeys (D:10)
  2 bullfrog zombies (D:6)
  4 centaur zombies
  4 hounds
  2 jellies (D:5)
  A bullfrog skeleton (D:6)
  3 gnoll boudas
  10 orc priests
  2 iguanas (D:4)
  9 orc wizards
  6 mummies (Ossuary)
  3 howler monkey zombies (D:6)
  34 gnolls
  3 adders
  A howler monkey skeleton (D:6)
  A shadow imp (D:6)
  An ufetubus (D:6)
  4 worms
  4 dart slugs
  43 orcs
  7 ball pythons
  7 bats
  7 endoplasms
  6 giant cockroaches
  7 goblins
  4 hobgoblins (D:1)
  3 jackals (D:3)
  9 quokkas
  6 frilled lizards
  5 hobgoblin zombies (Ossuary)
  16 kobolds
  5 rats
308 creatures vanquished.

Vanquished Creatures (others)
  A phantom (D:6)
  72 plants
  4 withered plants (D:6)
77 creatures vanquished.

Grand Total: 385 creatures vanquished

Notes
Turn   | Place    | Note
-------+----------+-------------------------------------------
     0 | D:1      | MrRokkomies the Armataur Gladiator began the quest for the
                  | Orb.
     0 | D:1      | Reached XP level 1. HP: 18/18 MP: 1/1
   111 | D:1      | Reached XP level 2. HP: 11/25 MP: 2/2
   289 | D:1      | Reached skill level 1 in Armour
   427 | D:1      | Reached XP level 3. HP: 28/32 MP: 3/3
   842 | D:2      | Identified the ring of Tipionuch {rF+ Will+ EV+4}
  1599 | D:3      | Reached XP level 4. HP: 32/39 MP: 4/4
  1674 | D:3      | Found a glowing golden altar of the Shining One.
  1920 | D:3      | Noticed a phantom
  1928 | D:3      | Killed a phantom
  1929 | D:3      | Reached skill level 1 in Maces & Flails
  1929 | D:3      | Reached XP level 5. HP: 43/48 MP: 5/5
  2309 | D:4      | Noticed Grinder
  2317 | D:4      | Killed Grinder
  2318 | D:4      | Reached XP level 6. HP: 55/55 MP: 6/6
  2322 | D:4      | Noticed Edmund
  2339 | D:4      | Killed Edmund
  2346 | D:4      | Found a sand-covered staircase.
  2365 | Ossuary  | Entered an ossuary
  2375 | Ossuary  | Reached XP level 7. HP: 17/60 MP: 7/7
  2800 | D:4      | Found Nabram's Assorted Antiques.
  2917 | D:4      | Found Fesugac's CLEARANCE SALE!.
  3256 | D:4      | Found a radiant altar of Vehumet.
  3414 | D:5      | Entered Level 5 of the Dungeon
  3747 | D:4      | Reached skill level 5 in Fighting
  3839 | D:5      | Reached XP level 8. HP: 64/72 MP: 8/8
  4379 | D:6      | Reached skill level 5 in Maces & Flails
  4426 | D:6      | Reached skill level 5 in Armour
  4996 | D:6      | Reached XP level 9. HP: 83/83 MP: 9/9
  5112 | D:6      | Found a staircase to the Ecumenical Temple.
  5123 | Temple   | Entered the Ecumenical Temple
  6264 | D:8      | Found a bloodstained altar of Trog.
  6364 | D:8      | Noticed Psyche
  6384 | D:8      | Killed Psyche
  6487 | D:8      | Found a burning altar of Makhleb.
  6616 | D:8      | Found a snail-covered altar of Cheibriados.
  6624 | D:8      | Became a worshipper of Cheibriados the Contemplative
  6652 | D:8      | Found a broken altar of Ashenzari.
  6699 | D:8      | Found a basalt altar of Yredelemnul.
  6787 | D:8      | Found a staircase to the Lair.
  6866 | D:8      | Reached XP level 10. HP: 88/94 MP: 10/10
  7030 | D:8      | Found a shadowy altar of Dithmenos.
  7034 | D:8      | Found a shimmering altar of Xom.
  7320 | D:9      | Noticed Amaemon
  7320 | D:9      | Noticed an orange demon
  7336 | D:8      | Killed Amaemon
  7337 | D:8      | Reached skill level 1 in Invocations
  7428 | D:9      | Paralysed by a hornet for 3 turns
  7436 | D:8      | Paralysed by a hornet for 1 turns
  7441 | D:8      | Paralysed by a hornet for 2 turns
  7554 | D:8      | Killed an orange demon
  7697 | D:9      | Reached * piety under Cheibriados
  7978 | D:9      | Noticed a two-headed ogre
  7984 | D:9      | Killed a two-headed ogre
  7987 | D:9      | Noticed Harold
  8008 | D:9      | Killed Harold
  8138 | D:9      | Noticed a two-headed ogre
  8143 | D:9      | Killed a two-headed ogre
  8345 | D:10     | Entered Level 10 of the Dungeon
  8596 | D:10     | Noticed Nergalle
  8610 | D:10     | Killed Nergalle
  8611 | D:10     | Reached XP level 11. HP: 89/102 MP: 13/13
  8635 | D:10     | Reached ** piety under Cheibriados
  9168 | D:10     | Reached *** piety under Cheibriados
 10409 | D:11     | Found Zuibbe's Overcharged Wands.
 10481 | D:11     | Reached skill level 10 in Fighting
 11440 | D:12     | Reached **** piety under Cheibriados
 11502 | D:12     | Noticed a boulder beetle
 11551 | D:12     | Killed a boulder beetle
 11552 | D:12     | Reached skill level 10 in Maces & Flails
 11552 | D:12     | Reached skill level 5 in Invocations
 11787 | D:12     | Noticed a sixfirhy
 11849 | D:12     | Noticed a two-headed ogre
 11850 | D:12     | Found a staircase to the Orcish Mines.
 11853 | D:12     | Reached XP level 12. HP: 56/115 MP: 9/16
 11856 | D:12     | HP: 1/115 [two-headed ogre/+0 giant club (30)]
 11856 | D:12     | Slain by a two-headed ogre

Illustrated notes

Levels and vault maps discovered:
D:1:      nzn_arrival_water_spiral, layout_basic
D:2:      kb_forest_paths, layout_loops_ring
D:3:      layout_basic, lemuel_tele_altar, corexii_shack, kennysheep_doodads
D:4:      layout_loops_ring, overflow_temple_1_default, serial_shops,
          shop_coins, nicolae_ossuary_entry_ruins, nicolae_shop_clearance,
          uniq_edmund, uniq_grinder
D:5:      layout_cave_pools, serial_glass, glass_columns_b, glass_columns_a
D:6:      layout_loops_corners, minmay_temple_entry_gardened_gates,
          serial_undead, serial_undead_e, serial_undead_e, serial_undead_e,
          serial_undead_a, serial_undead_f, serial_undead_c, serial_undead_d
D:7:      layout_basic
D:8:      layout_cave_pods, nicolae_ashenzari_skybound,
          lemuel_coloured_pillars_altar, nicolae_overflow_hidden_temple,
          mainiacjoe_overflow_catch_the_wave,
          mainiacjoe_overflow_concentric_impassable, lair_entry_dummy,
          uniq_psyche
D:9:      layout_rooms, st_stairs_9, uniq_amaemon, uniq_harold
D:10:     layout_stronghold, uniq_nergalle
D:11:     layout_layer_cave, nicolae_shop_overcharged_wands
D:12:     kennysheep_treasure_stockpile, layout_small_grid, erik_orc_4,
          hangedman_decor_diamond_cutter
Temple:   hellmonk_temple_forest_ring

Skill      XL: |  1  2  3  4  5  6  7  8  9 10 11 |
---------------+----------------------------------+-----
Fighting       | 2 3 4 5 6 7 9 10 | 10.6
Staves         | 3 |  3.4
Armour         | 1 2 3 4 5 6 8 9 |  9.5
Maces & Flails | 1 2 3 4 5 7 8 10 | 10.3
Dodging        | 3 4 |  4.8
Invocations    | 3 5 |  5.3
Throwing       | |  1.7

Action                   |  1- 3 |  4- 6 |  7- 9 | 10-12 || total
-------------------------+-------+-------+-------+-------++-------
Melee: Quarterstaff      |   127 |    12 |       |       ||   139
       Tailslap          |    10 |     8 |    47 |    65 ||   130
       Whip              |       |    76 |    28 |       ||   104
       Punch             |       |     1 |     4 |     8 ||    13
       Flail             |       |       |   387 |   367 ||   754
       Dire flail        |       |       |       |    31 ||    31
Throw: Throwing net      |       |     4 |       |     6 ||    10
Invok: Slouch            |       |       |       |     2 ||     2
Evoke: Wand              |       |       |       |    10 ||    10
  Use: Scroll            |     5 |     4 |     6 |     7 ||    22
       Potion            |       |       |       |     5 ||     5
 Stab: Sleeping          |     1 |       |     1 |       ||     2
       Held in net/web   |       |     1 |       |     6 ||     7
Armor: Leather armour    |    44 |       |       |       ||    44
       Chain mail        |     2 |    31 |   104 |       ||   137
       Plate armour      |       |       |   186 |   229 ||   415
Dodge: Dodged            |    64 |    33 |   254 |   282 ||   633

Table legend: (Time is in decaauts)
 A = Elapsed time spent in this place.
 B = Non-inter-level travel time spent in this place.
 C = Inter-level travel time spent in this place.
 D = Time resting spent in this place.
 E = Time spent auto-exploring this place.
 F = Levels seen in this place.
 G = Mean time per level.
                   A        B        C        D        E       F      G
               +--------+--------+--------+--------+--------+-----+--------+
         Total |  13562 |  13048 |    514 |   1421 |   9276 |  14 |  968.7 |
       Dungeon |  13081 |  12582 |    499 |   1185 |   9113 |  12 | 1090.1 |
        Temple |    154 |    140 |     14 |      0 |    131 |   1 |  154.0 |
       Ossuary |    326 |    326 |      0 |    236 |     32 |   1 |  326.0 |
               +--------+--------+--------+--------+--------+-----+--------+

Top non-repeatable levels by time:
    D:11: 2415 daAuts
    D:10: 1605 daAuts
     D:8: 1579 daAuts
     D:4: 1050 daAuts
     D:9: 1009 daAuts
     D:6: 1003 daAuts
     D:3: 833 daAuts
     D:1: 790 daAuts
     D:7: 784 daAuts
     D:2: 764 daAuts
    D:12: 683 daAuts
     D:5: 562 daAuts
 Ossuary: 326 daAuts
  Temple: 154 daAuts
